 Dungeon Crawl Stone Soup version 0.30-a0-451-ge042605de7 (webtiles) character file.

Game seed: 16196094652875341959

77 MackTheKnife the Shield-Bearer (level 4, 0/32 HPs)
             Began as a Djinni Wanderer on Dec 11, 2022.
             Slain by a kobold
             ... wielding a +0 club
              (4 damage)
             ... on level 3 of the Dungeon.
             The game lasted 00:02:56 (1992 turns).

MackTheKnife the Shield-Bearer (Djinni Wanderer)    Turns: 1992, Time: 00:02:56

Health: 0/32       AC:  4    Str: 11    XL:     4   Next: 58%
Gold:   80         EV: 12    Int: 15    God:
                   SH:  7    Dex: 13

rFire   + + .      SeeInvis .    a - +0 dagger {short}
rCold   x . .      Faith    .    e - +2 buckler
rNeg    . . .      Spirit   .    s - +0 leather armour rPois โˆž Reflect .
                                 (helmet currently unavailable)
rElec   .          Harm     .    b - +0 cloak
rCorr   .          Rampage  .    (no gloves)
Will    .....                    (boots unavailable)
Stlth   +.........               (no amulet)
HPRegen 0.25/turn                (no ring)
MPRegen 0.00/turn                (no ring)

@: appendages (expiring), flying
A: horns 2, flying, sickness immunity, fire resistance 2, cold vulnerability 1,
float, innate caster, HP casting, extra vitality 1
a: End Transformation


You were on level 3 of the Dungeon.
You had temporarily grown beastly horns.
You visited 1 branch of the dungeon, and saw 3 of its levels.

You collected 140 gold pieces.
You spent 60 gold pieces at shops.


Innate Abilities, Weirdness & Mutations

You have temporarily grown beastly horns.
You are flying.
You are immune to sickness and miasma.
You are immune to poison.
Your flesh is very heat resistant. (rF++)
You are vulnerable to cold. (rC-)
You float through the air rather than walking.
You learn spells naturally, not from books.
Your magical power is your life essence.
You have superior vitality. (+4 MHP)


   Skills:
 + Level 1.1 Fighting
 - Level 3.2 Dodging
 - Level 4.0 Shields
 + Level 3.7 Spellcasting


You had 5 spell levels left.
You knew the following spells:

 Your Spells              Type           Power      Damage    Failure   Level
a - Ignite Poison         Fire/Tmut/Pois 14%        N/A       21%         3
b - Beastly Appendage     Tmut           28%        N/A       7%          1
c - Kiss of Death         Conj/Necr      56%        2d9       7%          1

Your spell library contained the following spells:

 Spells                   Type           Power      Damage    Failure   Level


Inventory:

Hand Weapons
 a - a +0 dagger (weapon) {short}
Missiles
 j - 3 poisoned darts {throwing}
Armour
 b - a +0 cloak (worn)
 d - a +0 robe
 e - a +2 buckler (worn)
 g - a +0 robe
   (You found it on level 1 of the Dungeon)
 n - a +0 ring mail
   (You found it on level 1 of the Dungeon)
 q - an orb of wrath
   (You found it on level 2 of the Dungeon)
 r - a +0 helmet (melded)
   (You found it on level 2 of the Dungeon)
 s - a +0 leather armour (worn)
   (You found it on level 2 of the Dungeon)
Scrolls
 h - a scroll of immolation {unknown}
 l - a scroll of noise {unknown}
 m - 2 scrolls of blinking {unknown}
Potions
 c - 2 potions of berserk rage {!q}
 f - 2 potions of lignification {unknown}
 i - a potion of cancellation {unknown}
 k - a potion of resistance {unknown}
 o - 3 potions of degeneration {unknown}
 p - a potion of heal wounds {@q2}

Dungeon Overview and Level Annotations

Branches:
Dungeon (3/15) Zot: 15998

Altars:

Shops:
D:1

! ..# #.# #.#
...S##. #.# ###.#.?
#.# #/.bBg) #.#
###.#.. #######.##
....##. #..รท.@K..#
.#K....
#.######.###.....#.
#.#..# #..K...w#.#S
#....########..!.##
###....<# ##...
####### #


You could see a kobold.


Message History

๐Ÿ˜Ž HP[+1]
Your hp is fully restored (32).
You closely miss the giant cockroach. The giant cockroach closely misses you.
You closely miss the giant cockroach. The giant cockroach barely misses you.
The giant cockroach completely misses you.
You hit the giant cockroach but do no damage.
The giant cockroach bites you but does no damage.
You barely miss the giant cockroach.
Your headbutt misses the giant cockroach.
The giant cockroach misses you.
You barely miss the giant cockroach. You headbutt the giant cockroach.
You block the giant cockroach's attack.
You barely miss the giant cockroach. The giant cockroach barely misses you.
You hit the giant cockroach. You headbutt the giant cockroach.
You kill the giant cockroach!
Your horns disappear.
Your +0 helmet unmelds from your body.
You barely miss the ball python. The ball python closely misses you.
The ball python grabs you. The ball python constricts you.
You block the ball python's attack.
The ball python constricts you. ๐Ÿ˜• HP[-1]
You take 1 damage, and now have 31/32 hp.
You closely miss the ball python. You block the ball python's attack.
The ball python constricts you.
You barely miss the ball python.
The ball python bites you but does no damage.
The ball python constricts you.
You hit the ball python.
You kill the ball python!
You hit the worm. ๐Ÿ˜Ž HP[+1]
Your hp is fully restored (32).
You barely miss the worm. The worm bites you. ๐Ÿ˜• HP[-2]
You take 2 damage, and now have 30/32 hp.
You barely miss the worm. You hit the worm. You block the worm's attack.
You hit the worm. The worm bites you! ๐Ÿ˜ฎ HP[-7]
You take 7 damage, and now have 23/32 hp.
MASSIVE DAMAGE!! (PAUSE)
You are too injured to fight recklessly!
You are too injured to fight recklessly!
Sorry, you're not good enough to have a special ability.
Unknown command.
Casting: Beastly Appendage (safe; 7% risk of failure)
Confirm with . or Enter, or press ? or * to list all spells.
You don't know that spell.
Unknown command.
Casting: Beastly Appendage (safe; 7% risk of failure)
Confirm with . or Enter, or press ? or * to list all spells.
You grow a pair of large bovine horns.
Your +0 helmet melds into your body. ๐Ÿ˜ฎ HP[-1]
You take 1 damage, and now have 22/32 hp.
Unknown command.
You hit the worm. The worm bites you!
* * * LOW HITPOINT WARNING * * *
๐Ÿ˜จ HP[-8]
You take 8 damage, and now have 14/32 hp.
MASSIVE DAMAGE!! (PAUSE)
You hit the worm but do no damage. The worm bites you.
* * * LOW HITPOINT WARNING * * *
๐Ÿ˜จ HP[-5]
You take 5 damage, and now have 9/32 hp.
You hit the worm. You completely miss the worm. You block the worm's attack.
You barely miss the worm. The worm bites you but does no damage.
Unknown command.
You hit the worm. You headbutt the worm! ๐Ÿ˜จ HP[+1]
You hit the worm.
You kill the worm!
The kobold throws a stone.
The stone hits you but does no damage. The kobold hits you but does no damage.
Items here: ( ) โ€ โ€ โ€ .
Unknown command.
You hit the kobold but do no damage. Your headbutt misses the kobold.
The kobold hits you with a +0 club.
* * * LOW HITPOINT WARNING * * *
๐Ÿ˜ฑ HP[-4]
You take 4 damage, and now have 6/32 hp.
You hit the kobold but do no damage. The kobold hits you with a +0 club.
* * * LOW HITPOINT WARNING * * *
You barely miss the kobold. Your headbutt misses the kobold.
Your transformation is almost over.
The kobold barely misses you.
You hit the kobold but do no damage. You block the kobold's attack.
You hit the kobold.
You headbutt the kobold, but do no damage.
The kobold hits you with a +0 club.
* * * LOW HITPOINT WARNING * * *
๐Ÿ˜ฑ HP[-3]
You take 3 damage, and now have 3/32 hp.
You miss the kobold. Your headbutt misses the kobold.
You block the kobold's attack. ๐Ÿ˜ฑ HP[+1]
You hit the kobold but do no damage. Your headbutt misses the kobold.
The kobold hits you with a +0 club.
You die...

Skill      XL: |  1  2  3  4 |
---------------+-------------+-----
Spellcasting   | 3 |  3.7
Fighting       | 1 |  1.1
Dodging        | |  3.2
Shields        | |  4.0

Action                   |  1- 3 |  4- 6 || total
-------------------------+-------+-------++-------
Melee: Dagger            |   141 |    88 ||   229
       Headbutt          |    10 |    12 ||    22
 Cast: Beastly Appendage |    14 |     5 ||    19
Armor: Robe              |    31 |     8 ||    39
       Leather armour    |       |     8 ||     8
Dodge: Dodged            |    63 |    31 ||    94
Block: Buckler           |    58 |    23 ||    81

Levels and vault maps discovered:
D:1:      wander_arrival_lonely_grave, layout_rooms, serial_shops,
          nicolae_lakefront_shop, corexii_corridor_pit,
          minmay_tree_intersection, nicolae_eternal_life
D:2:      layout_loops_ring, chequers_serial_rivers_large_a
D:3:      layout_basic, minmay_misc_feat_rugged, minmay_fractal_squares_5

Notes
Turn   | Place    | Note
-------+----------+-------------------------------------------
     0 | D:1      | MackTheKnife the Djinni Wanderer began the quest for the
                  | Orb.
     0 | D:1      | MackTheKnife set off with the following items: a +0 dagger
                  | {short}, a +0 cloak, a potion of berserk rage {!q}, a +0
                  | robe, a +2 bucklerthe following spells memorised: Ignite
                  | Poison, Beastly Appendage.
     0 | D:1      | Reached XP level 1. HP: 15/15 MP: 0/0
     0 | D:1      | magus.rc [v1.9.6]
   160 | D:1      | Reached XP level 2. HP: 14/21 MP: 0/0
   251 | D:1      | Reached skill level 3 in Spellcasting
   621 | D:1      | Found Ygituy's Distillery.
   631 | D:1      | Bought a potion of heal wounds for 60 gold pieces
   865 | D:2      | Reached XP level 3. HP: 23/25 MP: 0/0
   865 | D:2      | Learned a level 1 spell: Kiss of Death
  1319 | D:2      | Reached XP level 4. HP: 31/31 MP: 0/0
  1773 | D:3      | Reached skill level 1 in Fighting
  1986 | D:3      | HP: 6/32 [kobold/+0 club (4)]
  1992 | D:3      | Slain by a kobold

Vanquished Creatures
  3 adders
  2 worms
  2 dart slugs (D:1)
  5 ball pythons
  4 endoplasms
  4 giant cockroaches
  2 goblins
  3 hobgoblins
  4 jackals (D:2)
  2 bats
  2 frilled lizards (D:1)
  A kobold (D:3)
  5 rats
39 creatures vanquished.

Table legend:
 A = Non-vault XP
 B = Vault XP
 C = Vault XP percentage of total XP
 D = Non-vault monster count
 E = Vault monster count
 F = Vault count percentage of total count
                 A         B        C        D         E       F
            +---------+---------+-------+---------+---------+-------
      Total |     102 |       8 |   7.3 |      35 |       4 |  10.3
            +---------+---------+-------+---------+---------+-------
        D:1 |      24 |       0 |   0.0 |      13 |       0 |   0.0
        D:2 |      63 |       0 |   0.0 |      20 |       0 |   0.0
        D:3 |      15 |       8 |  34.8 |       2 |       4 |  66.7
            +---------+---------+-------+---------+---------+-------

Illustrated notes

Table legend:
 A = Kills in this place as a percentage of kills in entire the game.
 B = Kills by you in this place as a percentage of kills by you in the entire game.
 C = Kills by friends in this place as a percentage of kills by friends in the entire game.
 D = Other kills in this place as a percentage of other kills in the entire game.
 E = Experience gained in this place as a percentage of experience gained in the entire game.
 F = Experience gained in this place divided by the number of levels of this place that you have seen.
                   A       B       C       D       E      F
               +-------+-------+-------+-------+-------+----------------------
         Total | 100.0 | 100.0 |   N/A |   N/A | 100.0 |  36.7
       Dungeon | 100.0 | 100.0 |   N/A |   N/A | 100.0 |  36.7
               +-------+-------+-------+-------+-------+----------------------

Table legend: (Time is in decaauts)
 A = Elapsed time spent in this place.
 B = Non-inter-level travel time spent in this place.
 C = Inter-level travel time spent in this place.
 D = Time resting spent in this place.
 E = Time spent auto-exploring this place.
 F = Levels seen in this place.
 G = Mean time per level.
                   A        B        C        D        E       F      G
               +--------+--------+--------+--------+--------+-----+--------+
         Total |   2000 |   1954 |     46 |    336 |   1223 |   3 |  666.7 |
       Dungeon |   2000 |   1954 |     46 |    336 |   1223 |   3 |  666.7 |
               +--------+--------+--------+--------+--------+-----+--------+

Top non-repeatable levels by time:
     D:2: 933 daAuts
     D:1: 826 daAuts
     D:3: 240 daAuts
